 Dungeon Crawl Stone Soup version 0.25-a0-10-g2fe12d4386 (webtiles) character file.

Game seed: 14482373762246161645, levelgen mode: deterministic

33 Froggeryz the Cudgeler (level 3, 0/33 HPs)
             Began as a Gargoyle Gladiator on Oct 15, 2019.
             Shot with an arrow by a centaur (6 damage)
             ... on level 2 of the Dungeon.
             The game lasted 00:01:51 (1032 turns).

Froggeryz the Cudgeler (Gargoyle Gladiator)         Turns: 1032, Time: 00:01:52

Health: 0/33       AC:  8    Str: 22    XL:     3   Next: 29%
Magic:  3/3        EV: 12    Int:  9    God:
Gold:   9          SH:  0    Dex: 11    Spells: 2/2 levels left

rFire    + . .     SeeInvis .   a - +0 flail
rCold    . . .     Gourm    .   (no shield)
rNeg     + . .     Faith    .   b - +0 leather armour
rPois    ∞         Spirit   .   c - +0 helmet
rElec    +         Reflect  .   (no cloak)
rCorr    .         Harm     .   (no gloves)
MR       .....                  j - +0 pair of boots
Stlth    ..........             (no amulet)
HPRegen  0.11/turn              k - ring of protection from fire
MPRegen  0.08/turn              (no ring)

@: berserking (expiring), flying, very quick
A: negative energy resistance 1, electricity resistance, unbreathing,
petrification resistance, rot immunity, AC +3
a: no special abilities


You were on level 2 of the Dungeon.
You were not hungry.

You visited 1 branch of the dungeon, and saw 2 of its levels.

You collected 9 gold pieces.

Inventory:

Hand Weapons
 a - a +0 flail (weapon)
Missiles
 d - 2 throwing nets (quivered)
 o - 3 datura-tipped darts
Armour
 b - a +0 leather armour (worn)
 c - a +0 helmet (worn)
 j - a +0 pair of boots (worn)
Jewellery
 k - a ring of protection from fire (left hand)
Scrolls
 g - a scroll of remove curse {unknown}
 h - 3 scrolls of teleportation {unknown}
 i - a scroll of enchant weapon {unknown}
 n - a scroll of magic mapping {unknown}
Potions
 l - a potion of curing {unknown}
Comestibles
 f - 2 rations


   Skills:
 + Level 2.8 Fighting
 * Level 3.9 Maces & Flails
 - Level 1.7 Throwing
 - Level 2.4 Dodging


You had 2 spell levels left.
You didn't know any spells.
Your spell library was empty.

Dungeon Overview and Level Annotations

Branches:
Dungeon (2/15)

Altars:


Innate Abilities, Weirdness & Mutations

You are resistant to torment.
Your stone body is resilient. (AC +3)
You are immune to poison.
You resist negative energy. (rN+)
You are resistant to electric shocks. (rElec)
You can survive without breathing.
You are immune to petrification.
You are immune to rotting.


Message History

You miss the frilled lizard. The frilled lizard closely misses you.
The rat closely misses you.
You barely miss the rat. The frilled lizard bites you.
The rat barely misses you.
You miss the frilled lizard. You miss the frilled lizard. The rat bites you.
* * * LOW HITPOINT WARNING * * *
The frilled lizard misses you.
You barely miss the frilled lizard. The rat barely misses you.
The frilled lizard bites you but does no damage.
You barely miss the frilled lizard. The rat barely misses you.
The frilled lizard barely misses you.
You bludgeon the frilled lizard!!
You kill the frilled lizard!
The bat hits you but does no damage. The rat bites you.
* * * LOW HITPOINT WARNING * * *
You sock the bat!
You kill the bat!
The centaur shoots an arrow.
The arrow hits you.
You die... .##... ..... # #.#.. #. #... . #.##..# S. #..#.. $## #....# gS.

#..#.# ..
#...@###.#
#.##.rgS.#
#...cS#.......
#####S....#.#.
###.#.# ...#
..$. #.#.#
....


You could see a centaur, 2 adders, a goblin, a ball python and a rat.

Vanquished Creatures
  2 dart slugs (D:1)
  2 leopard geckos (D:1)
  A giant cockroach (D:1)
  A goblin (D:1)
  6 hobgoblins (D:1)
  3 jackals (D:1)
  2 kobolds (D:1)
  A ball python (D:1)
  2 bats
  2 frilled lizards
  2 rats (D:1)
24 creatures vanquished.

Notes
Turn   | Place    | Note
-------+----------+-------------------------------------------
     0 | D:1      | Froggeryz the Gargoyle Gladiator began the quest for the
                  | Orb.
     0 | D:1      | Reached XP level 1. HP: 12/12 MP: 1/1
   131 | D:1      | Reached XP level 2. HP: 10/18 MP: 2/2
   633 | D:1      | Reached XP level 3. HP: 21/22 MP: 3/3
  1017 | D:2      | Noticed a centaur
  1032 | D:2      | Shot with an arrow by a centaur

Levels and vault maps discovered:
D:1:      lightli_arrival_noodles, layout_rooms, serial_forest,
          infiniplex_forest_lined_3, infiniplex_forest_diagonal,
          infiniplex_forest_zigzag_1, infiniplex_forest_clump_tiny,
          infiniplex_forest_straight_2, infiniplex_forest_clump_double,
          infiniplex_forest_end_2, infiniplex_forest_straight_4,
          infiniplex_forest_lined_3
D:2:      minmay_chambers_of_ones, layout_rooms, fedhas_altar_2,
          kennysheep_slug_shrine, chequers_temple_overflow_statue_of_worship,
          first_ration, serial_bayou, serial_bayou_shore_b, serial_bayou_pond_b,
          serial_bayou_ford_a, serial_bayou_crossing, minmay_fractal_squares_5

Action                   || total
-------------------------++-------
Melee: Flail             ||    73
Throw: Throwing net      ||     1
  Use: Potion            ||     2
Armor: Leather armour    ||    39
Dodge: Dodged            ||    69

Table legend:
 A = Non-vault XP
 B = Vault XP
 C = Vault XP percentage of total XP
 D = Non-vault monster count
 E = Vault monster count
 F = Vault count percentage of total count
                 A         B        C        D         E       F
            +---------+---------+-------+---------+---------+-------
      Total |      46 |       2 |   4.2 |      23 |       1 |   4.2
            +---------+---------+-------+---------+---------+-------
        D:1 |      45 |       0 |   0.0 |      22 |       0 |   0.0
        D:2 |       1 |       2 |  66.7 |       1 |       1 |  50.0
            +---------+---------+-------+---------+---------+-------
